 Dungeon Crawl Stone Soup version 0.18-a0-916-gc496e2e (webtiles) character file.

56 Proton the Skirmisher (level 3, -2/34 HPs)
             Began as a Naga Fighter on Dec 26, 2015.
             Slain by an adder (3 damage)
             ... on level 2 of the Dungeon.
             The game lasted 00:02:52 (1597 turns).

Proton the Skirmisher (Naga Fighter)                Turns: 1597, Time: 00:02:52

Health: -2/34      AC:  4    Str: 19    XL:     3   Next: 97%
Magic:  3/3        EV:  5    Int:  8    God:
Gold:   112        SH:  8    Dex: 10    Spells: 0 memorised, 2 levels left

rFire  . . .     SeeInvis +     a - +0 flail
rCold  . . .     Gourm    .     b - +0 scale mail
rNeg   . . .     Faith    .     c - +0 shield
rPois  +         Spirit   .     (no helmet)
rElec  .         Dismiss  .     (no cloak)
rCorr  .         Reflect  .     (no gloves)
SustAt .         Harm     .     (no barding)
MR     .....                    (no amulet)
Stlth  ..........               (no ring)
                                (no ring)

@: lethally poisoned (-2 -> -4), very slow, not resistant to hostile
enchantments, extremely unstealthy
A: see invisible, deformed body, poison resistance, slowness 2, slow metabolism
1, spit poison 2, AC +1
a: Spit Poison


You were on level 2 of the Dungeon.
You were not hungry.

You visited 1 branch of the dungeon, and saw 2 of its levels.

You collected 112 gold pieces.

Inventory:

Hand Weapons
 a - a +0 flail (weapon)
Armour
 b - a +0 scale mail (worn)
 c - a +0 shield (worn)
Jewellery
 m - an uncursed amulet of faith {unknown}
Scrolls
 e - 4 scrolls of remove curse {unknown}
 g - a scroll of amnesia {unknown}
 h - a scroll of immolation {unknown}
 j - 3 scrolls of identify {unknown}
 l - a scroll of enchant weapon {unknown}
 o - a scroll of noise {unknown}
 p - a scroll of fog {unknown}
Potions
 d - a potion of might
 n - a potion of brilliance {unknown}
Comestibles
 k - 2 meat rations


   Skills:
 + Level 3.4 Fighting
 + Level 2.4 Maces & Flails
 + Level 2.7 Armour
 + Level 1.1 Dodging
 + Level 2.7 Shields


You had 2 spell levels left.
You didn't know any spells.

Dungeon Overview and Level Annotations

Branches:
Dungeon (2/15)

Altars:
Nemelex Xobeh
Okawaru


Innate Abilities, Weirdness & Mutations

You cannot wear boots.
Your serpentine skin is tough (AC +1).
You have supernaturally acute eyesight.
Armour fits poorly on your strangely shaped body.
Your system is resistant to poisons.
You cover ground very slowly.
You have a slow metabolism.
You can spit poison.


Message History

You block the adder's attack. The adder bites you.
* * * LOW HITPOINT WARNING * * *
The adder bites you but does no damage. The adder bites you but does no damage.
The adder bites you.
* * * LOW HITPOINT WARNING * * *
You are poisoned.
The adder poisons you!
You feel sick. The adder bites you but does no damage.
The adder bites you but does no damage. You block the adder's attack.
The adder bites you.
* * * LOW HITPOINT WARNING * * *
You feel sick. The adder bites you.
* * * LOW HITPOINT WARNING * * *
The adder barely misses you. You block the adder's attack.
You block the adder's attack. The adder bites you.
You die...

### .# ..# .# #### #.#
.# ..# #.##. ##
#.######.#..
#.####.#....#.#.#
..........#.#.#.#####
.#####.####.#.#.@...#
..††...#......<.#S....#
(#######.##.#.#.#.#.#..#
#......# #.#.#.#?.....#
..####.# #.#.#.#.#.#...
### ..#.#.#.....## ..#
###.#.#.#[### #....
..#.#.#.# #### ....#


You could see an adder.

Vanquished Creatures
  2 adders (D:2)
  2 giant cockroaches
  4 hobgoblins (D:1)
  4 bats
  4 giant geckos (D:2)
  A giant newt (D:2)
  7 goblins
  7 kobolds
  8 rats
39 creatures vanquished.

Notes
Turn   | Place    | Note
--------------------------------------------------------------
     0 | D:1      | Proton the Naga Fighter began the quest for the Orb.
     0 | D:1      | Reached XP level 1. HP: 21/21 MP: 1/1
     0 | D:1      | Noticed a vine stalker zombie
     2 | D:1      | Noticed a vine stalker zombie
     2 | D:1      | Noticed an octopode zombie
     6 | D:1      | Noticed a vine stalker zombie
     8 | D:1      | Noticed a troll zombie
    13 | D:1      | Noticed a vine stalker zombie
    15 | D:1      | Noticed a vine stalker zombie
    17 | D:1      | Noticed a formicid zombie
    19 | D:1      | Noticed a human zombie
   280 | D:1      | Reached XP level 2. HP: 25/28 MP: 2/2
   972 | D:2      | Reached XP level 3. HP: 25/34 MP: 3/3
  1024 | D:2      | Found a sparkling altar of Nemelex Xobeh.
  1069 | D:2      | Found an iron altar of Okawaru.
  1098 | D:2      | Reached skill level 1 in Dodging
  1594 | D:2      | HP: 1/34 [adder (3)]
  1597 | D:2      | Slain by an adder

Vault maps used:
D:1:      shiori_arrival_whats_in_store_for_you
D:2:      lemuel_round_altar, nemelex_altar_shiori, okawaru_trees_2,
          serial_co_window_serial, co_window_cross_1,
          co_window_of_opportunity_a, co_window_of_opportunity_a,
          co_window_paths_a, co_window_paths_a, co_window_broadway_b,
          co_window_broadway_a, co_window_paths_c, glass_columns_a,
          glass_columns_a, glass_columns_a, glass_columns_c, glass_columns_a

Action                   || total
-------------------------++-------
Melee: Flail             ||   147
 Abil: Spit Poison       ||     4
  Use: Potion            ||     2
  Eat: Bread ration      ||     1
